cohdb
Replays
Latest Replays
All Replays
Popular Replays
Top Player Replays
Match Explorer
How It Works
Community
CoH3 Stats
Reddit
Sign in to upload your games and track your stats! →
Sign in with Steam
Match 44718681
Unlisted
Match 44718681
Overview
Messages
Build Orders
End
Kettenkrad Recon Vehicle
Construct Infanterie Kompanie
Grenadier Squad
Selects Breakthrough Battlegroup
Selects Assault Grenadiers
MG 42 Machine Gun Team
Construct Panzergrenadier Kompanie
251 Medium Carrier
Selects 2.5-tonne Cargo Truck
Selects Smoke Bombing Run
2.5-tonne Cargo Truck
Construct Luftwaffe Kompanie
Pioneer Squad
2.5-tonne Cargo Truck
Support Elements
Wirbelwind Flakpanzer
Construct Panzer Kompanie
Selects Blitzkrieg
Kettenkrad Recon Vehicle
Side Skirts
Wirbelwind Flakpanzer
Panzergrenadier Squad
Pioneer Squad
Wirbelwind Flakpanzer
251 Medium Carrier
Selects Tiger Heavy Tank
Tiger Heavy Tank
Stoßtruppen Squad
Pioneer Squad
Panzer IV Medium Tank
Panzer IV Medium Tank
Selects Incendiary Bombing Run
Stoßtruppen Squad
Incendiary Bombing Run
Pioneer Squad
Ertyom
☜☢Uddes☢☞
astrostorm
Bran
DrewP
Dillbro
0
0
Comments
sign in to comment!
No comments posted yet!